MapleLeafs vs Wild

Created - February 24, 2017 at 19:28

Goals
1 2 3 T
MapleLeafs 2 1 0 3
Wild 0 1 1 2
Shots
1 2 3 T
MapleLeafs 11 6 10 27
Wild 18 8 12 38

1st period

1. MapleLeafs , Brent Seabrook 6 (Joonas Donskoi, Jordan Staal) at 11:15
2. MapleLeafs , Milan Lucic 22 (Jordan Staal, Joonas Donskoi) at 14:32

Penalties :
Riley Sheahan (TOR) for Slashing (Double Minor) at 0:34, Alexey Marchenko (TOR) for Hooking (Minor) at 6:53

2nd period

3. Wild , Jason Pominville 24 (Riley Nash) at 0:26 (PP)
4. MapleLeafs , Joonas Donskoi 16 (Jordan Staal, Milan Lucic) at 17:59

Penalties :
Nick Leddy (TOR) for High sticking (Minor) at 0:20, Jeff Petry (MIN) for Charging (Minor) at 0:37, Colin McDonald (MIN) for Hooking (Minor) at 6:46, Alexei Emelin (TOR) for Roughing (Minor) at 13:01

3rd period

5. Wild , Jason Spezza 31 (Mark Streit, Jeff Petry) at 1:28

Penalties :
Nick Leddy (TOR) for Hooking (Minor) at 18:47

Goalie Stats

Petr Mrazek (TOR), 36 saves from 38 shots - (0.947), W, 28-15-4, 60:00 minutes
James Reimer (MIN), 24 saves from 27 shots - (0.889), L, 18-18-6, 59:44 minutes

Players Stats for MapleLeafs

Player Name              G  A  P  +/- PIM S  H  SB GA TA FO     MP     PP MP  PK MP  
------------------------------------------------------------------------------------
Alexei Emelin            0  0  0   1  2   0  1  1  0  0  0/0    17:02   0:47   0:42 
Alexey Marchenko         0  0  0   0  2   0  2  0  0  0  0/0    18:10   0:00   3:03 
Andreas Athanasiou       0  0  0   0  0   2  1  0  0  0  0/0     7:58   0:47   0:00 
Anthony Mantha           0  0  0   0  0   1  0  0  0  0  0/0    11:43   0:47   0:00 
Brent Seabrook           1  0  1   1  0   1  1  1  0  0  0/0    23:50   1:52   5:30 
David Backes             0  0  0   0  0   2  3  1  0  0  0/0    20:49   1:39   5:16 
Joffrey Lupul            0  0  0   0  0   0  0  0  0  0  0/0    15:13   1:19   0:00 
Jonathan Marchessault    0  0  0   0  0   1  2  0  0  0  1/1    10:56   0:00   0:00 
Joonas Donskoi           1  2  3   2  0   3  0  0  0  0  0/0    16:38   1:52   0:00 
Jordan Staal             0  3  3   2  0   2  2  1  0  0  18/39  21:39   1:37   5:16 
Karl Alzner              0  0  0   1  0   0  3  1  0  0  0/0    22:51   1:52   4:54 
Kris Russell             0  0  0   1  0   0  0  1  0  0  0/0    21:38   2:06   4:21 
Landon Ferraro           0  0  0   0  0   0  4  0  0  0  0/0     7:11   0:00   0:00 
Mikael Backlund          0  0  0   0  0   3  0  0  0  0  10/21  14:55   0:00   3:59 
Milan Lucic              1  1  2   2  0   7  2  0  0  0  0/4    21:04   2:19   3:59 
Nazem Kadri              0  0  0   0  0   2  1  0  0  0  10/21  15:28   1:34   0:00 
Nick Leddy               0  0  0   0  4   0  6  0  0  0  0/0    16:25   1:19   0:00 
Riley Sheahan            0  0  0   0  4   3  1  0  0  0  7/12    7:10   0:00   0:00 

Players Stats for Wild

Player Name              G  A  P  +/- PIM S  H  SB GA TA FO     MP     PP MP  PK MP  
------------------------------------------------------------------------------------
Alex Biega               0  0  0   0  0   0  3  0  0  0  0/0    10:16   0:35   2:01 
Alexander Edler          0  0  0  -2  0   2  2  0  0  0  0/0    26:32   3:32   1:57 
Carl Gunnarsson          0  0  0  -2  0   0  0  2  0  0  0/0    23:47   0:47   1:57 
Colin McDonald           0  0  0   1  2   0  0  0  0  0  0/0    14:00   1:28   0:42 
Eric Staal               0  0  0  -1  0   4  2  0  0  0  10/16  23:56   0:00   0:30 
Jason Pominville         1  0  1  -1  0   4  0  0  0  0  2/3    18:27   3:15   0:38 
Jason Spezza             1  0  1   1  0   7  0  0  0  0  19/38  21:10   5:25   0:00 
Jeff Petry               0  1  1   0  2   3  1  0  0  0  0/0    22:24   4:21   0:00 
Jimmy Hayes              0  0  0  -2  0   1  3  0  0  0  0/1    11:25   0:00   0:00 
Kyle Okposo              0  0  0   0  0   0  0  0  0  0  0/0     0:05   0:00   0:00 
Marian Gaborik           0  0  0  -1  0   2  0  0  0  0  0/0    17:49   3:15   0:00 
Mark Streit              0  1  1   0  0   4  0  2  0  0  0/0    23:09   4:07   2:01 
Markus Granlund          0  0  0   0  0   0  0  0  0  0  3/8     7:22   0:00   2:19 
Mason Raymond            0  0  0   0  0   0  0  0  0  0  0/0     7:22   0:00   2:19 
Riley Nash               0  1  1  -2  0   3  0  0  0  0  17/28  16:43   3:50   1:28 
Sven Baertschi           0  0  0  -2  0   4  0  0  0  0  1/2    16:32   5:07   0:00 
Tanner Pearson           0  0  0   1  0   3  4  0  0  0  0/2    21:10   5:25   0:00 
Taylor Fedun             0  0  0   0  0   1  0  0  0  0  0/0    13:51   5:08   0:00 

3 Stars

1 - Joonas Donskoi (TOR)
2 - Jordan Staal (TOR)
3 - Milan Lucic (TOR)

Power Play

MapleLeafs - 0 on 2 Attempt(s) - 0.00%
Wild - 1 on 6 Attempt(s) - 16.67%

Penalty Kill

MapleLeafs - 5 on 6 Attempt(s) - 83.33% - Score 0 goal in Penalty Kill
Wild - 2 on 2 Attempt(s) - 100.00% - Score 0 goal in Penalty Kill

Team Stat

MapleLeafs - Hits : 29 - Faceoff Wins : 46 - Blocked Shots : 6 - Penalty Minutes : 12
Wild - Hits : 15 - Faceoff Wins : 52 - Blocked Shots : 4 - Penalty Minutes : 4

Official

Referees : Trevor Hanson and Mark Lemelin
Linesman : Brad Lazarowich and Michel Cormier

Game Notes

Kyle Okposo is injured at 0:04 of 1st period (Back)

Finance

Level 1 -- Attendance: 5059 (77.83%) -- Ticket Income $556,490
Level 2 -- Attendance: 4815 (96.30%) -- Ticket Income $361,125
Level 3 -- Attendance: 3190 (91.14%) -- Ticket Income $178,640
Level 4 -- Attendance: 1954 (100.00%) -- Ticket Income $78,160
Luxury Box -- Attendance: 911 (91.10%) -- Ticket Income $181,289
Game was played at the Xcel Energy Center.
Total Attendance: 15929 (88.72%)
Total Ticket Income: $1,355,704
Other Income: $203,356
Total Income: $1,559,060

% Time on Ice - MapleLeafs

Lines # - Real PCT - Wanted PCT - Time Play
Normal Forward
1 - 32% - 31% - 14:46
2 - 30% - 29% - 13:54
3 - 23% - 23% - 10:56
4 - 15% - 17% - 7:11
Normal Defense
1 - 34% - 35% - 16:05
2 - 32% - 33% - 15:11
3 - 32% - 32% - 15:08
4 - 1% - 0% - 0:23
PP Forward
1 - 58% - 53% - 2:19
2 - 42% - 47% - 1:39
PP Defense
1 - 47% - 54% - 1:52
2 - 53% - 46% - 2:06
PK Forward
1 - 57% - 51% - 5:16
2 - 43% - 49% - 3:59
PK Defense
1 - 53% - 60% - 4:54
2 - 47% - 40% - 4:21
PK3 Forward
1 - 0% - 51%
2 - 0% - 49%
PK3 Defense
1 - 0% - 52%
2 - 0% - 48%
44 Forward
1 - 0% - 53%
2 - 0% - 47%
44 Defense
1 - 0% - 54%
2 - 0% - 46%
Last Minute Offensive  - 0:00
Last Minute Defensive  - 0:00
Total
Forward - 60:00
Defense - 60:00

% Time on Ice - Wild

Lines # - Real PCT - Wanted PCT - Time Play
Normal Forward
1 - 34% - 42% - 15:45
2 - 31% - 38% - 14:34
3 - 24% - 17% - 11:25
4 - 11% - 3% - 5:03
Normal Defense
1 - 45% - 43% - 21:03
2 - 36% - 37% - 17:01
3 - 19% - 15% - 8:43
4 - 0% - 5% - 0:00
PP Forward
1 - 65% - 50% - 6:00
2 - 35% - 50% - 3:15
PP Defense
1 - 45% - 50% - 4:07
2 - 55% - 50% - 5:08
PK Forward
1 - 63% - 58% - 2:30
2 - 37% - 42% - 1:28
PK Defense
1 - 51% - 53% - 2:01
2 - 49% - 47% - 1:57
PK3 Forward
1 - 0% - 50%
2 - 0% - 50%
PK3 Defense
1 - 0% - 55%
2 - 0% - 45%
44 Forward
1 - 0% - 55%
2 - 0% - 45%
44 Defense
1 - 0% - 55%
2 - 0% - 45%
Last Minute Offensive  - 0:00
Last Minute Defensive  - 0:00
Total
Forward - 60:00
Defense - 60:00

Play by Play

1st period


0:01 of 1st period - Jason Spezza wins face-off versus Jordan Staal in neutral zone.
0:03 of 1st period - Kyle Okposo is hit by Karl Alzner and loses puck.
0:04 of 1st period - Kyle Okposo from Wild is injured at 0:04 of 1st period (Back).
0:05 of 1st period - Eric Staal wins face-off versus Nazem Kadri in MapleLeafs zone.
0:16 of 1st period - Off-side.
0:17 of 1st period - Riley Nash wins face-off versus Mikael Backlund in neutral zone.
0:32 of 1st period - Shot by Mikael Backlund.
0:32 of 1st period - Deflect By Jonathan Marchessault.
0:32 of 1st period - Stopped by James Reimer without a rebound.
0:33 of 1st period - Jason Spezza wins face-off versus Riley Sheahan in Wild zone.
0:33 of 1st period - Jason Spezza is hit by Landon Ferraro.
0:34 of 1st period - Double Minor Penalty to Riley Sheahan for Slashing.
0:35 of 1st period - Jordan Staal wins face-off versus Jason Spezza in MapleLeafs zone.
0:50 of 1st period - Shot by Tanner Pearson.
0:50 of 1st period - Stopped by Petr Mrazek without a rebound.
0:51 of 1st period - Jordan Staal wins face-off versus Riley Nash in MapleLeafs zone.
0:59 of 1st period - Jason Pominville is hit by Karl Alzner and loses puck.
1:33 of 1st period - Icing by Jeff Petry.
1:34 of 1st period - Mikael Backlund wins face-off versus Riley Nash in Wild zone.
1:37 of 1st period - Shot by Milan Lucic.
1:37 of 1st period - Shot Misses the Net.
1:44 of 1st period - Off-side.
1:45 of 1st period - Jordan Staal wins face-off versus Tanner Pearson in neutral zone.
2:02 of 1st period - Shot by Alexander Edler.
2:02 of 1st period - Shot Blocked by Brent Seabrook.
2:04 of 1st period - Shot by Sven Baertschi.
2:04 of 1st period - Stopped by Petr Mrazek without a rebound.
2:05 of 1st period - Jason Spezza wins face-off versus Milan Lucic in MapleLeafs zone.
2:06 of 1st period - Shot by Tanner Pearson.
2:06 of 1st period - Stopped by Petr Mrazek without a rebound.
2:07 of 1st period - Jason Spezza wins face-off versus Mikael Backlund in MapleLeafs zone.
2:16 of 1st period - Shot by Jason Spezza.
2:16 of 1st period - Shot Misses the Net.
2:26 of 1st period - Shot by Mark Streit.
2:26 of 1st period - Stopped by Petr Mrazek without a rebound.
2:27 of 1st period - Riley Nash wins face-off versus Mikael Backlund in MapleLeafs zone.
2:34 of 1st period - Shot by Riley Nash.
2:34 of 1st period - Shot Blocked by Kris Russell.
2:56 of 1st period - Shot by Jason Pominville.
2:56 of 1st period - Deflect By Riley Nash.
2:56 of 1st period - Stopped by Petr Mrazek without a rebound.
2:57 of 1st period - Jordan Staal wins face-off versus Jason Spezza in MapleLeafs zone.
3:38 of 1st period - Shot by Alexander Edler.
3:38 of 1st period - Stopped by Petr Mrazek without a rebound.
3:39 of 1st period - Jason Pominville wins face-off versus Mikael Backlund in MapleLeafs zone.
3:42 of 1st period - Shot by Jeff Petry.
3:42 of 1st period - Stopped by Petr Mrazek without a rebound.
3:43 of 1st period - Riley Nash wins face-off versus Mikael Backlund in MapleLeafs zone.
3:59 of 1st period - Icing by Jason Pominville.
4:00 of 1st period - Mikael Backlund wins face-off versus Riley Nash in Wild zone.
4:01 of 1st period - Shot by Milan Lucic.
4:01 of 1st period - Shot Misses the Net.
4:09 of 1st period - Shot by Jason Pominville.
4:09 of 1st period - Stopped by Petr Mrazek without a rebound.
4:10 of 1st period - Sven Baertschi wins face-off versus Jordan Staal in MapleLeafs zone.
4:27 of 1st period - Shot by Jason Spezza.
4:27 of 1st period - Deflect By Sven Baertschi.
4:27 of 1st period - Stopped by Petr Mrazek with a rebound.
4:29 of 1st period - Shot by Alexander Edler.
4:29 of 1st period - Shot Misses the Net.
4:31 of 1st period - Shot by Mark Streit.
4:31 of 1st period - Shot Misses the Net.
4:33 of 1st period - Shot by Jason Spezza.
4:33 of 1st period - Stopped by Petr Mrazek with a rebound.
4:49 of 1st period - Shot by Andreas Athanasiou.
4:49 of 1st period - Stopped by James Reimer without a rebound.
4:50 of 1st period - Jordan Staal wins face-off versus Markus Granlund in Wild zone.
4:56 of 1st period - Icing by Carl Gunnarsson.
4:57 of 1st period - Jordan Staal wins face-off versus Markus Granlund in Wild zone.
5:04 of 1st period - Shot by Milan Lucic.
5:04 of 1st period - Shot Blocked by Carl Gunnarsson.
5:29 of 1st period - Icing by Karl Alzner.
5:30 of 1st period - Jordan Staal wins face-off versus Jason Spezza in MapleLeafs zone.
5:30 of 1st period - Karl Alzner is hit by Tanner Pearson and loses puck.
6:01 of 1st period - Shot by Jason Spezza.
6:01 of 1st period - Stopped by Petr Mrazek without a rebound.
6:02 of 1st period - Riley Nash wins face-off versus Nazem Kadri in MapleLeafs zone.
6:05 of 1st period - Shot by Jimmy Hayes.
6:05 of 1st period - Shot Misses the Net.
6:21 of 1st period - Icing by Alexander Edler.
6:22 of 1st period - Riley Nash wins face-off versus Mikael Backlund in Wild zone.
6:22 of 1st period - Riley Nash is hit by Jonathan Marchessault.
6:43 of 1st period - Riley Nash is hit by Nick Leddy and loses puck.
6:49 of 1st period - Riley Nash is hit by Nick Leddy and loses puck.
6:53 of 1st period - Minor Penalty to Alexey Marchenko for Hooking.
6:54 of 1st period - Jason Spezza wins face-off versus Jordan Staal in MapleLeafs zone.
6:54 of 1st period - Jason Spezza is hit by Brent Seabrook.
6:56 of 1st period - Shot by Taylor Fedun.
6:56 of 1st period - Shot Misses the Net.
6:58 of 1st period - Shot by Jeff Petry.
6:58 of 1st period - Shot Misses the Net.
7:00 of 1st period - Shot by Jeff Petry.
7:00 of 1st period - Stopped by Petr Mrazek without a rebound.
7:01 of 1st period - Jason Spezza wins face-off versus Jordan Staal in MapleLeafs zone.
7:02 of 1st period - Shot by Taylor Fedun.
7:02 of 1st period - Deflect By Tanner Pearson.
7:02 of 1st period - Shot Misses the Net.
7:04 of 1st period - Shot by Taylor Fedun.
7:04 of 1st period - Shot Blocked by Karl Alzner.
7:06 of 1st period - Shot by Jason Spezza.
7:06 of 1st period - Shot Misses the Net.
7:08 of 1st period - Shot by Jeff Petry.
7:08 of 1st period - Stopped by Petr Mrazek without a rebound.
7:09 of 1st period - Mikael Backlund wins face-off versus Tanner Pearson in MapleLeafs zone.
7:44 of 1st period - Shot by Taylor Fedun.
7:44 of 1st period - Shot Misses the Net.
8:13 of 1st period - Icing by Marian Gaborik.
8:14 of 1st period - Riley Nash wins face-off versus Mikael Backlund in Wild zone.
8:19 of 1st period - Shot by Alexander Edler.
8:19 of 1st period - Shot Misses the Net.
8:21 of 1st period - Shot by Alexander Edler.
8:21 of 1st period - Stopped by Petr Mrazek without a rebound.
8:22 of 1st period - Riley Nash wins face-off versus Jordan Staal in MapleLeafs zone.
8:57 of 1st period - Icing by Alex Biega.
8:58 of 1st period - Mikael Backlund wins face-off versus Markus Granlund in Wild zone.
9:34 of 1st period - Shot by Mikael Backlund.
9:34 of 1st period - Shot Misses the Net.
10:05 of 1st period - Off-side.
10:06 of 1st period - Nazem Kadri wins face-off versus Jason Spezza in neutral zone.
10:30 of 1st period - Alexei Emelin is hit by Tanner Pearson and loses puck.
10:47 of 1st period - Shot by Eric Staal.
10:47 of 1st period - Stopped by Petr Mrazek without a rebound.
10:48 of 1st period - Jordan Staal wins face-off versus Riley Nash in MapleLeafs zone.
10:56 of 1st period - Jordan Staal is hit by Alexander Edler and loses puck.
11:13 of 1st period - Shot by Joonas Donskoi.
11:13 of 1st period - Shot Misses the Net.
11:15 of 1st period - Shot by Brent Seabrook.
11:15 of 1st period - Goal by Brent Seabrook - MapleLeafs : 1 - Wild : 0.
11:16 of 1st period - Riley Sheahan wins face-off versus Eric Staal in neutral zone.
11:52 of 1st period - Mark Streit is hit by Landon Ferraro and loses puck.
12:10 of 1st period - Icing by Jeff Petry.
12:11 of 1st period - Eric Staal wins face-off versus Jordan Staal in Wild zone.
12:39 of 1st period - Alexander Edler is hit by Nick Leddy and loses puck.
12:46 of 1st period - Shot by Joonas Donskoi.
12:46 of 1st period - Stopped by James Reimer without a rebound.
12:47 of 1st period - Nazem Kadri wins face-off versus Jimmy Hayes in Wild zone.
12:47 of 1st period - Karl Alzner is hit by Alex Biega and loses puck.
12:58 of 1st period - Shot by Nazem Kadri.
12:58 of 1st period - Stopped by James Reimer without a rebound.
12:59 of 1st period - Riley Sheahan wins face-off versus Jason Spezza in Wild zone.
13:05 of 1st period - Icing by Jason Spezza.
13:06 of 1st period - Nazem Kadri wins face-off versus Jason Spezza in Wild zone.
14:07 of 1st period - Marian Gaborik is hit by Jordan Staal and loses puck.
14:20 of 1st period - Shot by Joonas Donskoi.
14:20 of 1st period - Stopped by James Reimer with a rebound.
14:30 of 1st period - Shot by Jordan Staal.
14:30 of 1st period - Stopped by James Reimer with a rebound.
14:32 of 1st period - Shot by Milan Lucic.
14:32 of 1st period - Goal by Milan Lucic - MapleLeafs : 2 - Wild : 0.
14:33 of 1st period - Riley Nash wins face-off versus Mikael Backlund in neutral zone.
14:52 of 1st period - Shot by Anthony Mantha.
14:52 of 1st period - Shot Misses the Net.
15:06 of 1st period - Shot by Riley Nash.
15:06 of 1st period - Stopped by Petr Mrazek without a rebound.
15:07 of 1st period - Jason Spezza wins face-off versus Jordan Staal in MapleLeafs zone.
15:14 of 1st period - Icing by Kris Russell.
15:15 of 1st period - Jason Spezza wins face-off versus Milan Lucic in MapleLeafs zone.
15:30 of 1st period - Shot by Milan Lucic.
15:30 of 1st period - Stopped by James Reimer without a rebound.
15:31 of 1st period - Riley Nash wins face-off versus Nazem Kadri in Wild zone.
16:00 of 1st period - Shot by Jimmy Hayes.
16:00 of 1st period - Stopped by Petr Mrazek with a rebound.
16:02 of 1st period - Shot by Mark Streit.
16:02 of 1st period - Stopped by Petr Mrazek without a rebound.
16:03 of 1st period - Jason Pominville wins face-off versus Jordan Staal in MapleLeafs zone.
16:56 of 1st period - Eric Staal is hit by Alexey Marchenko and loses puck.
17:23 of 1st period - Shot by Riley Sheahan.
17:23 of 1st period - Shot Misses the Net.
17:25 of 1st period - Shot by Riley Sheahan.
17:25 of 1st period - Shot Misses the Net.
17:56 of 1st period - Shot by David Backes.
17:56 of 1st period - Shot Misses the Net.
17:58 of 1st period - Shot by David Backes.
17:58 of 1st period - Shot Blocked by Carl Gunnarsson.
18:00 of 1st period - Shot by David Backes.
18:00 of 1st period - Shot Misses the Net.
18:34 of 1st period - Shot by Mikael Backlund.
18:34 of 1st period - Deflect By Jonathan Marchessault.
18:34 of 1st period - Shot Misses the Net.
18:36 of 1st period - Shot by Anthony Mantha.
18:36 of 1st period - Stopped by James Reimer without a rebound.
18:37 of 1st period - Jordan Staal wins face-off versus Jason Spezza in Wild zone.
18:56 of 1st period - Shot by Jordan Staal.
18:56 of 1st period - Shot Misses the Net.
19:08 of 1st period - Shot by Milan Lucic.
19:08 of 1st period - Stopped by James Reimer with a rebound.
19:10 of 1st period - Shot by Milan Lucic.
19:10 of 1st period - Shot Misses the Net.
19:54 of 1st period - Shot by Mikael Backlund.
19:54 of 1st period - Shot Misses the Net.
Goals for this period are 2 for MapleLeafs vs 0 for Wild.
Shots for this period are 11 for MapleLeafs vs 18 for Wild.

2nd period


0:01 of 2nd period - Nazem Kadri wins face-off versus Jason Spezza in neutral zone.
0:17 of 2nd period - Shot by Eric Staal.
0:17 of 2nd period - Deflect By Jason Spezza.
0:17 of 2nd period - Stopped by Petr Mrazek without a rebound.
0:18 of 2nd period - Riley Sheahan wins face-off versus Riley Nash in MapleLeafs zone.
0:18 of 2nd period - Landon Ferraro is hit by Jimmy Hayes and loses puck.
0:20 of 2nd period - Minor Penalty to Nick Leddy for High sticking.
0:21 of 2nd period - Riley Nash wins face-off versus Mikael Backlund in MapleLeafs zone.
0:26 of 2nd period - Shot by Jason Pominville.
0:26 of 2nd period - Goal by Jason Pominville - MapleLeafs : 2 - Wild : 1.
0:27 of 2nd period - Jason Spezza wins face-off versus Nazem Kadri in neutral zone.
0:37 of 2nd period - Minor Penalty to Jeff Petry for Charging.
0:38 of 2nd period - Markus Granlund wins face-off versus Nazem Kadri in Wild zone.
1:14 of 2nd period - Shot by Riley Nash.
1:14 of 2nd period - Shot Misses the Net.
2:39 of 2nd period - Shot by Jason Pominville.
2:39 of 2nd period - Shot Blocked by Alexei Emelin.
2:59 of 2nd period - Shot by Eric Staal.
2:59 of 2nd period - Stopped by Petr Mrazek without a rebound.
3:00 of 2nd period - Jonathan Marchessault wins face-off versus Sven Baertschi in MapleLeafs zone.
3:00 of 2nd period - Jonathan Marchessault is hit by Jimmy Hayes.
3:03 of 2nd period - Nick Leddy is hit by Jimmy Hayes and loses puck.
3:09 of 2nd period - Jonathan Marchessault is hit by Alex Biega and loses puck.
3:18 of 2nd period - Shot by Jonathan Marchessault.
3:18 of 2nd period - Shot Misses the Net.
3:20 of 2nd period - Shot by Alexey Marchenko.
3:20 of 2nd period - Shot Misses the Net.
3:22 of 2nd period - Shot by Jonathan Marchessault.
3:22 of 2nd period - Shot Hit the Post.
3:26 of 2nd period - Shot by Nick Leddy.
3:26 of 2nd period - Shot Misses the Net.
3:32 of 2nd period - Shot by Mikael Backlund.
3:32 of 2nd period - Stopped by James Reimer without a rebound.
3:33 of 2nd period - Riley Sheahan wins face-off versus Jason Spezza in Wild zone.
4:13 of 2nd period - Shot by Riley Sheahan.
4:13 of 2nd period - Stopped by James Reimer without a rebound.
4:14 of 2nd period - Riley Nash wins face-off versus Jordan Staal in Wild zone.
4:27 of 2nd period - Shot by Riley Nash.
4:27 of 2nd period - Shot Misses the Net.
4:29 of 2nd period - Shot by Riley Nash.
4:29 of 2nd period - Shot Misses the Net.
4:31 of 2nd period - Shot by Mark Streit.
4:31 of 2nd period - Shot Misses the Net.
4:33 of 2nd period - Shot by Riley Nash.
4:33 of 2nd period - Stopped by Petr Mrazek without a rebound.
4:34 of 2nd period - Nazem Kadri wins face-off versus Markus Granlund in MapleLeafs zone.
4:41 of 2nd period - Shot by Nazem Kadri.
4:41 of 2nd period - Shot Misses the Net.
5:00 of 2nd period - Shot by Colin McDonald.
5:00 of 2nd period - Shot Misses the Net.
6:18 of 2nd period - Icing by Jeff Petry.
6:19 of 2nd period - Jason Spezza wins face-off versus Milan Lucic in Wild zone.
6:46 of 2nd period - Minor Penalty to Colin McDonald for Hooking.
6:47 of 2nd period - Markus Granlund wins face-off versus Jordan Staal in Wild zone.
6:47 of 2nd period - Markus Granlund is hit by Milan Lucic.
9:26 of 2nd period - Shot by Eric Staal.
9:26 of 2nd period - Shot Misses the Net.
9:48 of 2nd period - Shot by Riley Sheahan.
9:48 of 2nd period - Stopped by James Reimer without a rebound.
9:49 of 2nd period - Riley Nash wins face-off versus Jordan Staal in Wild zone.
9:49 of 2nd period - Riley Nash is hit by Milan Lucic.
9:57 of 2nd period - Shot by Sven Baertschi.
9:57 of 2nd period - Shot Misses the Net.
9:59 of 2nd period - Shot by Carl Gunnarsson.
9:59 of 2nd period - Shot Misses the Net.
10:52 of 2nd period - Carl Gunnarsson is hit by David Backes and loses puck.
11:10 of 2nd period - Icing by Sven Baertschi.
11:11 of 2nd period - Riley Nash wins face-off versus Riley Sheahan in Wild zone.
11:17 of 2nd period - Icing by Alexander Edler.
11:18 of 2nd period - Mikael Backlund wins face-off versus Riley Nash in Wild zone.
11:56 of 2nd period - Icing by Alexey Marchenko.
11:57 of 2nd period - Eric Staal wins face-off versus Mikael Backlund in MapleLeafs zone.
12:07 of 2nd period - Mikael Backlund is hit by Eric Staal and loses puck.
12:34 of 2nd period - Icing by Jeff Petry.
12:35 of 2nd period - Eric Staal wins face-off versus Jordan Staal in Wild zone.
13:01 of 2nd period - Minor Penalty to Alexei Emelin for Roughing.
13:02 of 2nd period - Jason Spezza wins face-off versus Jordan Staal in MapleLeafs zone.
13:03 of 2nd period - Shot by Taylor Fedun.
13:03 of 2nd period - Shot Misses the Net.
13:47 of 2nd period - Shot by Mark Streit.
13:47 of 2nd period - Stopped by Petr Mrazek without a rebound.
13:48 of 2nd period - Jordan Staal wins face-off versus Jason Pominville in MapleLeafs zone.
13:53 of 2nd period - Shot by Mark Streit.
13:53 of 2nd period - Shot Misses the Net.
13:59 of 2nd period - Shot by Alexander Edler.
13:59 of 2nd period - Shot Misses the Net.
14:05 of 2nd period - Shot by Riley Nash.
14:05 of 2nd period - Shot Misses the Net.
14:07 of 2nd period - Shot by Jason Pominville.
14:07 of 2nd period - Shot Misses the Net.
14:09 of 2nd period - Shot by Mark Streit.
14:09 of 2nd period - Stopped by Petr Mrazek without a rebound.
14:10 of 2nd period - Mikael Backlund wins face-off versus Jason Spezza in MapleLeafs zone.
14:16 of 2nd period - Icing by Sven Baertschi.
14:17 of 2nd period - Jordan Staal wins face-off versus Jason Spezza in Wild zone.
15:18 of 2nd period - Mark Streit is hit by Andreas Athanasiou and loses puck.
15:29 of 2nd period - Mason Raymond is hit by Riley Sheahan.
16:22 of 2nd period - Shot by Jason Pominville.
16:22 of 2nd period - Stopped by Petr Mrazek without a rebound.
16:23 of 2nd period - Jordan Staal wins face-off versus Riley Nash in MapleLeafs zone.
16:32 of 2nd period - Shot by Jimmy Hayes.
16:32 of 2nd period - Shot Blocked by Jordan Staal.
16:37 of 2nd period - Jordan Staal is hit by Alex Biega and loses puck.
16:48 of 2nd period - Shot by Milan Lucic.
16:48 of 2nd period - Stopped by James Reimer without a rebound.
16:49 of 2nd period - Nazem Kadri wins face-off versus Jason Spezza in Wild zone.
16:49 of 2nd period - Nazem Kadri is hit by Jeff Petry.
17:13 of 2nd period - Shot by Nazem Kadri.
17:13 of 2nd period - Stopped by James Reimer without a rebound.
17:14 of 2nd period - Riley Nash wins face-off versus Milan Lucic in Wild zone.
17:19 of 2nd period - Shot by Taylor Fedun.
17:19 of 2nd period - Stopped by Petr Mrazek without a rebound.
17:20 of 2nd period - Jordan Staal wins face-off versus Riley Nash in MapleLeafs zone.
17:40 of 2nd period - Jimmy Hayes is hit by Jordan Staal and loses puck.
17:59 of 2nd period - Shot by Joonas Donskoi.
17:59 of 2nd period - Goal by Joonas Donskoi - MapleLeafs : 3 - Wild : 1.
18:00 of 2nd period - Jason Spezza wins face-off versus Nazem Kadri in neutral zone.
18:32 of 2nd period - Shot by Nazem Kadri.
18:32 of 2nd period - Shot Misses the Net.
19:08 of 2nd period - Alexander Edler is hit by Jonathan Marchessault and loses puck.
Goals for this period are 1 for MapleLeafs vs 1 for Wild.
Shots for this period are 6 for MapleLeafs vs 8 for Wild.

3rd period


0:01 of 3rd period - Eric Staal wins face-off versus Jordan Staal in neutral zone.
0:04 of 3rd period - Shot by Marian Gaborik.
0:04 of 3rd period - Stopped by Petr Mrazek without a rebound.
0:05 of 3rd period - Eric Staal wins face-off versus Jordan Staal in MapleLeafs zone.
0:46 of 3rd period - Shot by Jason Pominville.
0:46 of 3rd period - Shot Misses the Net.
0:48 of 3rd period - Shot by Eric Staal.
0:48 of 3rd period - Shot Misses the Net.
1:04 of 3rd period - Shot by Jason Spezza.
1:04 of 3rd period - Stopped by Petr Mrazek with a rebound.
1:06 of 3rd period - Shot by Mark Streit.
1:06 of 3rd period - Shot Misses the Net.
1:24 of 3rd period - Shot by Jason Spezza.
1:24 of 3rd period - Shot Misses the Net.
1:28 of 3rd period - Shot by Jason Spezza.
1:28 of 3rd period - Goal by Jason Spezza - MapleLeafs : 3 - Wild : 2.
1:29 of 3rd period - Nazem Kadri wins face-off versus Riley Nash in neutral zone.
2:05 of 3rd period - Shot by David Backes.
2:05 of 3rd period - Stopped by James Reimer without a rebound.
2:06 of 3rd period - Eric Staal wins face-off versus Riley Sheahan in Wild zone.
2:06 of 3rd period - Eric Staal is hit by Landon Ferraro.
2:18 of 3rd period - Jason Pominville is hit by Alexey Marchenko and loses puck.
2:22 of 3rd period - Eric Staal is hit by Nick Leddy and loses puck.
2:28 of 3rd period - Jason Pominville is hit by Nick Leddy and loses puck.
2:35 of 3rd period - Shot by Eric Staal.
2:35 of 3rd period - Stopped by Petr Mrazek without a rebound.
2:36 of 3rd period - Jason Spezza wins face-off versus Mikael Backlund in MapleLeafs zone.
3:01 of 3rd period - Shot by Tanner Pearson.
3:01 of 3rd period - Shot Misses the Net.
3:12 of 3rd period - Off-side.
3:13 of 3rd period - Nazem Kadri wins face-off versus Riley Nash in neutral zone.
3:42 of 3rd period - Off-side.
3:43 of 3rd period - Markus Granlund wins face-off versus Jordan Staal in neutral zone.
4:08 of 3rd period - Icing by Alexey Marchenko.
4:09 of 3rd period - Jordan Staal wins face-off versus Jason Spezza in MapleLeafs zone.
4:09 of 3rd period - Jordan Staal is hit by Eric Staal.
4:21 of 3rd period - Icing by Tanner Pearson.
4:22 of 3rd period - Nazem Kadri wins face-off versus Jason Spezza in Wild zone.
4:22 of 3rd period - Karl Alzner is hit by Alexander Edler and loses puck.
4:28 of 3rd period - Tanner Pearson is hit by David Backes and loses puck.
4:32 of 3rd period - Off-side.
4:33 of 3rd period - Eric Staal wins face-off versus Riley Sheahan in neutral zone.
4:40 of 3rd period - Shot by Eric Staal.
4:40 of 3rd period - Shot Misses the Net.
4:52 of 3rd period - Shot by Eric Staal.
4:52 of 3rd period - Stopped by Petr Mrazek without a rebound.
4:53 of 3rd period - Jason Spezza wins face-off versus Nazem Kadri in MapleLeafs zone.
5:18 of 3rd period - Icing by Carl Gunnarsson.
5:19 of 3rd period - Jordan Staal wins face-off versus Jason Spezza in Wild zone.
5:22 of 3rd period - Shot by Milan Lucic.
5:22 of 3rd period - Stopped by James Reimer without a rebound.
5:23 of 3rd period - Riley Nash wins face-off versus Jordan Staal in Wild zone.
5:46 of 3rd period - Shot by Joonas Donskoi.
5:46 of 3rd period - Shot Blocked by Mark Streit.
5:48 of 3rd period - Shot by Jordan Staal.
5:48 of 3rd period - Shot Misses the Net.
5:50 of 3rd period - Shot by Joonas Donskoi.
5:50 of 3rd period - Shot Blocked by Mark Streit.
5:52 of 3rd period - Shot by Milan Lucic.
5:52 of 3rd period - Stopped by James Reimer without a rebound.
5:53 of 3rd period - Eric Staal wins face-off versus Nazem Kadri in Wild zone.
5:59 of 3rd period - Carl Gunnarsson is hit by David Backes.
7:22 of 3rd period - Shot by Jordan Staal.
7:22 of 3rd period - Shot Misses the Net.
7:34 of 3rd period - Shot by Jordan Staal.
7:34 of 3rd period - Shot Misses the Net.
8:12 of 3rd period - Shot by Sven Baertschi.
8:12 of 3rd period - Stopped by Petr Mrazek without a rebound.
8:13 of 3rd period - Riley Sheahan wins face-off versus Eric Staal in MapleLeafs zone.
8:25 of 3rd period - Alexander Edler is hit by Karl Alzner and loses puck.
8:29 of 3rd period - Icing by Karl Alzner.
8:30 of 3rd period - Riley Nash wins face-off versus Riley Sheahan in MapleLeafs zone.
8:43 of 3rd period - Shot by Sven Baertschi.
8:43 of 3rd period - Stopped by Petr Mrazek with a rebound.
9:07 of 3rd period - Alex Biega is hit by Landon Ferraro and loses puck.
10:00 of 3rd period - Off-side.
10:01 of 3rd period - Jason Spezza wins face-off versus Jordan Staal in neutral zone.
11:12 of 3rd period - Shot by Mikael Backlund.
11:12 of 3rd period - Stopped by James Reimer without a rebound.
11:13 of 3rd period - Nazem Kadri wins face-off versus Eric Staal in Wild zone.
11:14 of 3rd period - Shot by David Backes.
11:14 of 3rd period - Stopped by James Reimer without a rebound.
11:15 of 3rd period - Eric Staal wins face-off versus Nazem Kadri in Wild zone.
11:51 of 3rd period - Shot by Eric Staal.
11:51 of 3rd period - Deflect By Marian Gaborik.
11:51 of 3rd period - Stopped by Petr Mrazek without a rebound.
11:52 of 3rd period - Riley Nash wins face-off versus Jordan Staal in MapleLeafs zone.
12:09 of 3rd period - Icing by Karl Alzner.
12:10 of 3rd period - Jordan Staal wins face-off versus Jason Spezza in MapleLeafs zone.
12:10 of 3rd period - Milan Lucic is hit by Tanner Pearson.
12:11 of 3rd period - Icing by Milan Lucic.
12:12 of 3rd period - Jason Spezza wins face-off versus Jordan Staal in MapleLeafs zone.
12:27 of 3rd period - Shot by Jason Spezza.
12:27 of 3rd period - Stopped by Petr Mrazek without a rebound.
12:28 of 3rd period - Mikael Backlund wins face-off versus Eric Staal in MapleLeafs zone.
12:39 of 3rd period - Alexander Edler is hit by Alexei Emelin and loses puck.
12:56 of 3rd period - Shot by Jason Pominville.
12:56 of 3rd period - Stopped by Petr Mrazek without a rebound.
12:57 of 3rd period - Jason Spezza wins face-off versus Nazem Kadri in MapleLeafs zone.
13:00 of 3rd period - Shot by Tanner Pearson.
13:00 of 3rd period - Stopped by Petr Mrazek without a rebound.
13:01 of 3rd period - Jordan Staal wins face-off versus Jason Spezza in MapleLeafs zone.
13:32 of 3rd period - Shot by Jordan Staal.
13:32 of 3rd period - Shot Misses the Net.
13:51 of 3rd period - Icing by Mark Streit.
13:52 of 3rd period - Jason Spezza wins face-off versus Nazem Kadri in Wild zone.
13:52 of 3rd period - Jason Spezza is hit by Nazem Kadri.
14:58 of 3rd period - Shot by Mikael Backlund.
14:58 of 3rd period - Stopped by James Reimer without a rebound.
14:59 of 3rd period - Riley Sheahan wins face-off versus Markus Granlund in Wild zone.
15:22 of 3rd period - Shot by Andreas Athanasiou.
15:22 of 3rd period - Stopped by James Reimer without a rebound.
15:23 of 3rd period - Mikael Backlund wins face-off versus Eric Staal in Wild zone.
16:32 of 3rd period - Shot by David Backes.
16:32 of 3rd period - Shot Misses the Net.
17:24 of 3rd period - Shot by Milan Lucic.
17:24 of 3rd period - Shot Misses the Net.
17:29 of 3rd period - Icing by Jason Pominville.
17:30 of 3rd period - Riley Sheahan wins face-off versus Eric Staal in Wild zone.
17:55 of 3rd period - Shot by Riley Sheahan.
17:55 of 3rd period - Stopped by James Reimer without a rebound.
17:56 of 3rd period - Mikael Backlund wins face-off versus Jason Spezza in Wild zone.
18:03 of 3rd period - Mikael Backlund is hit by Tanner Pearson and loses puck.
18:09 of 3rd period - Off-side.
18:10 of 3rd period - Jordan Staal wins face-off versus Riley Nash in neutral zone.
18:17 of 3rd period - Shot by Milan Lucic.
18:17 of 3rd period - Stopped by James Reimer with a rebound.
18:19 of 3rd period - Shot by Jordan Staal.
18:19 of 3rd period - Stopped by James Reimer without a rebound.
18:20 of 3rd period - Mikael Backlund wins face-off versus Jason Spezza in Wild zone.
18:32 of 3rd period - Jason Spezza is hit by Nick Leddy and loses puck.
18:47 of 3rd period - Shot by Jason Spezza.
18:47 of 3rd period - Stopped by Petr Mrazek without a rebound.
18:47 of 3rd period - Minor Penalty to Nick Leddy for Hooking.
18:48 of 3rd period - Jason Spezza wins face-off versus Jordan Staal in MapleLeafs zone.
19:44 of 3rd period - Wild, James Reimer is pulled from the net.
19:58 of 3rd period - Shot by Mark Streit.
19:58 of 3rd period - Shot Blocked by David Backes.
Goals for this period are 0 for MapleLeafs vs 1 for Wild.
Shots for this period are 10 for MapleLeafs vs 12 for Wild.